 Dungeon Crawl Stone Soup version 0.31.0-9-g3a7656b989 (webtiles) character file.

Game seed: 2143061454428654055

1236 Axelsxxd the Ruffian (level 8, 0/55 HPs)
             Began as an Octopode Shapeshifter on Jan 29, 2024.
             Killed from afar by an acid dragon (29 damage)
             ... with a splash of acid
             ... on level 5 of the Dungeon.
             The game lasted 00:08:50 (5331 turns).

Axelsxxd the Ruffian (Octopode Shapeshifter)        Turns: 5331, Time: 00:08:51

Health: 0/55       AC:  1    Str: 16    XL:     8   Next: 49%
Magic:  8/8        EV: 14    Int: 18    God:
Gold:   226        SH:  0    Dex: 11    Spells: 7/7 levels left

rFire   + .          .
                       - Unarmed
rCold   . . .        (no shield)
rNeg    . . .        (helmet currently unavailable)
rPois   .            (no amulet)
rElec   .            j - +6 ring of intelligence
rCorr   .            l - ring of protection from fire
SInv    .            (no ring)
Will    .....        (no ring)
Stlth   ++           (no ring)
HPRegen 0.29/turn    (no ring)
MPRegen 0.11/turn    (no ring)
                     (no ring)

%: no passive effects
@: beast-form
A: beast (slay +3), almost no armour, amphibious, 8 rings, camouflage 1,
gelatinous body 1, (nimble swimmer 1), tentacles
a: Begin Untransformation


You were on level 5 of the Dungeon.
You were a hulking beast.
You visited 1 branch of the dungeon, and saw 5 of its levels.

You collected 226 gold pieces.

Inventory:

Missiles
 d - 2 throwing nets (quivered)
Jewellery
 j - a +6 ring of intelligence (left tentacle)
 l - a ring of protection from fire (right tentacle)
Talismans
 b - a beast talisman (active)
 c - a flux talisman
Wands
 a - a wand of paralysis (11)
 u - a wand of iceblast (5)
Scrolls
 e - 4 scrolls of immolation
 h - a scroll of amnesia {unknown}
 i - a scroll of enchant weapon {unknown}
 m - a scroll of identify {unknown}
 o - a scroll of revelation {unknown}
 q - a scroll of fear {unknown}
 t - a scroll of enchant armour {unknown}
 v - a scroll of blinking
Potions
 f - 2 potions of brilliance
 g - a potion of lignification
 k - a potion of experience {unknown}
 n - a potion of invisibility {unknown}
 p - 2 potions of magic
 r - 2 potions of attraction
 s - a potion of enlightenment {unknown}


   Skills:
 - Level 5.0 Fighting
 + Level 4.3 Dodging
 * Level 6.2 Unarmed Combat
 * Level 5.7 Shapeshifting


You had 7 spell levels left.
You didn't know any spells.
Your spell library contained the following spells:

 Spells                   Type           Power      Damage    Failure   Level
 Mercury Vapours          Alch/Air       0%         N/A       32%         2
 Mephitic Cloud           Conj/Alch/Air  0%         N/A       54%         3
 Freezing Cloud           Conj/Ice/Air   0%         6-21      99%         5


Dungeon Overview and Level Annotations

Branches:
Dungeon (5/15)
 Temple: D:4-7

Altars:
Fedhas
Hepliaklqana
Trog

Annotations:
D:4 2 transporters, Xpym's ghost, amateur MiFi


Innate Abilities, Weirdness & Mutations

You are a hulking beast.
Your limbs bulge with bestial killing power. (Slay +3)
You cannot wear most types of armour.
You are amphibious.
You can wear up to eight rings at the same time.
Your skin changes colour to match your surroundings (Stealth+).
Your rubbery body absorbs attacks. (AC +1, EV +1)
((You are camouflaged when in or above water. (Stealth+)))
You have tentacles for arms and can constrict up to eight enemies at once.


Message History

You barely miss the orc wizard. You grab the orc wizard.
You squeeze the orc wizard.
The orc wizard is lightly wounded.
You constrict the orc wizard. The orc wizard barely misses you.
You bludgeon the orc wizard!
The orc wizard is almost dead.
You constrict the orc wizard, but do no damage.
The orc wizard hits you with a +0 dagger.
You bludgeon the orc wizard!
You kill the orc wizard!
You closely miss the orc. You grab the orc. You constrict the orc.
You bludgeon the orc!
You kill the orc!
You closely miss the adder. You grab the adder. You squeeze the adder.
The adder is heavily wounded.
You constrict the adder. The adder completely misses you.
You bludgeon the adder!
You kill the adder!
You tentacle-slap the acid dragon. Your squeeze misses the acid dragon.
The acid dragon is lightly wounded.
The acid dragon bites you. The acid dragon claws you.
You tentacle-slap the acid dragon.
The acid dragon is lightly wounded.
The acid dragon misses you. The acid dragon claws you.
You barely miss the acid dragon.
The acid dragon is lightly wounded.
The acid dragon misses you. The acid dragon claws you.
You tentacle-slap the acid dragon.
Your tentacle-slap misses the acid dragon.
The acid dragon is moderately wounded.
The acid dragon closely misses you. The acid dragon misses you.
You barely miss the acid dragon. Your squeeze misses the acid dragon.
The acid dragon is moderately wounded.
The acid dragon barely misses you. x2
You tentacle-slap the acid dragon. Your squeeze misses the acid dragon.
The acid dragon is heavily wounded.
The acid dragon spits acid at you. The splash of acid hits you!!
Ouch! That really hurt!
You die...

#........# #........
..........# .........
#.........# #...o....
..........## #........
....<......###ooo.....
............##$..D.#
.........#..#...S#..#
.........##.D###.....
#......#####h# ####
####### ###


You could see an acid dragon (catching breath).

Vanquished Creatures
  A troll (D:5)
  Menkaure (D:4)
  2 ice beasts
  An ogre (D:5)
  A jelly (D:4)
  3 bombardier beetles
  A hound (D:5)
  An orc priest (D:5)
  An iguana (D:4)
  Natasha (thrice) (D:3)
  Ijyb (D:4)
  2 orc wizards (D:5)
  Robin (D:4)
  6 gnolls (D:4)
  8 adders
  A white imp (D:5)
  2 ufetubi (D:5)
  4 ribbon worms
  3 dart slugs
  9 orcs
  4 bats
  6 endoplasms
  2 giant cockroaches
  13 goblins
  16 hobgoblins
  5 ball pythons
  2 frilled lizards (D:2)
  9 kobolds
  6 rats
115 creatures vanquished.

Notes
Turn   | Place    | Note
-------+----------+-------------------------------------------
     0 | D:1      | Axelsxxd the Octopode Shapeshifter began the quest for the
                  | Orb.
     0 | D:1      | Reached XP level 1. HP: 13/13 MP: 1/1
   111 | D:1      | Reached XP level 2. HP: 18/18 MP: 2/2
   272 | D:1      | Found a faded altar of an unknown god.
   586 | D:1      | Reached XP level 3. HP: 24/24 MP: 3/3
  1047 | D:2      | Reached XP level 4. HP: 29/29 MP: 4/4
  1056 | D:2      | Found a hazy altar of Hepliaklqana.
  1717 | D:3      | Reached XP level 5. HP: 16/35 MP: 5/5
  1829 | D:3      | Noticed Natasha
  1835 | D:3      | Killed Natasha
  1836 | D:3      | Reached skill level 4 in Unarmed Combat
  2138 | D:3      | Found a hazy altar of Hepliaklqana.
  2173 | D:3      | Noticed Natasha
  2177 | D:3      | Killed Natasha
  2239 | D:3      | Noticed Natasha
  2259 | D:3      | Killed Natasha
  2500 | D:4      | Found a blossoming altar of Fedhas.
  2524 | D:4      | Reached XP level 6. HP: 37/42 MP: 6/6
  2586 | D:4      | Identified the +1 helmet "Weod" {rC+}
  2586 | D:4      | Noticed Robin
  2589 | D:5      | Entered Level 5 of the Dungeon
  3048 | D:4      | Killed Robin
  3285 | D:4      | Identified the +7 chain mail of Impermeability {Int+3
                  | Slay+3}
  3341 | D:4      | Noticed a water moccasin
  3344 | D:4      | Noticed Xpym's ghost (amateur MiFi)
  3344 | D:4      | Noticed an ice beast
  3345 | D:4      | Found a transporter.
  3356 | D:4      | Killed an ice beast
  3521 | D:4      | Reached XP level 7. HP: 47/47 MP: 7/7
  3692 | D:4      | Noticed Menkaure
  3696 | D:4      | Noticed Ijyb
  3697 | D:4      | HP: 2/47 [Menkaure (19)]
  3698 | D:4      | Killed Menkaure
  3699 | D:4      | Reached skill level 5 in Unarmed Combat
  3708 | D:4      | Paralysed by Ijyb for 5 turns
  3726 | D:4      | Killed Ijyb
  3888 | D:4      | Found a transporter.
  4364 | D:5      | Found a bloodstained altar of Trog.
  4365 | D:5      | Noticed a troll
  4377 | D:5      | Killed a troll
  4378 | D:5      | Reached skill level 5 in Shapeshifting
  4378 | D:5      | Reached XP level 8. HP: 53/54 MP: 8/8
  4926 | D:5      | Reached skill level 5 in Fighting
  5015 | D:5      | Reached skill level 6 in Unarmed Combat
  5331 | D:5      | Killed from afar by an acid dragon

Illustrated notes

Levels and vault maps discovered:
D:1:      dpeg_arrival_fog, layout_basic,
          hellmonk_ecumenical_altar_pennies_from_heaven
D:2:      layout_rooms, basic_altar
D:3:      minmay_recursive_quarters, layout_rooms,
          worldfamousw_hep_ancestral_shrine, uniq_natasha
D:4:      layout_basic, lemuel_tele_altar, gammafunk_ghost_arena, minivault_19,
          kennysheep_generic_room_9, uniq_ijyb, uniq_menkaure, uniq_robin
D:5:      layout_cave_pods, kennysheep_mini_moat, hangedman_feature_mirror,
          kennysheep_windowed_goal

Skill      XL: |  1  2  3  4  5  6  7  8 |
---------------+-------------------------+-----
Fighting       | 2 3 4 5 |  5.0
Unarmed Combat | 4 5 6 |  6.2
Shapeshifting  | 4 5 |  5.7
Dodging        | 3 4 |  4.3

Action                     |  1- 3 |  4- 6 |  7- 9 || total
---------------------------+-------+-------+-------++-------
  Melee: Unarmed           |    51 |   114 |   103 ||   268
         Constrict         |    19 |    29 |    17 ||    65
         Tentacles         |    12 |    19 |    14 ||    45
         Punch             |     3 |     2 |     7 ||    12
  Evoke: Wand              |       |     3 |     1 ||     4
    Use: Scroll            |       |     2 |     1 ||     3
         Potion            |       |     1 |     5 ||     6
   Stab: Sleeping          |     2 |     4 |     4 ||    10
         Paralysed         |       |       |    10 ||    10
 Armour: Skin              |    12 |    55 |    52 ||   119
  Dodge: Dodged            |    32 |    62 |    47 ||   141
   Form: Beast             |     1 |       |       ||     1
